 Dungeon Crawl Stone Soup version 0.30.0-5-g1a98f26d00 (webtiles) character file.

Game seed: 8673987887815040941

295856 Strat the Conqueror (level 20, -9/258 HPs)
             Began as an Ogre Delver on May 11, 2023.
             Was an Initiate of Yredelemnul.
             Mangled by Mennas
             ... wielding a +3 sacred scourge of holy wrath
              (24 damage)
             ... on level 4 of the Vaults on May 12, 2023.
             The game lasted 01:58:34 (52055 turns).

Strat the Conqueror (Ogre Delver)                  Turns: 52055, Time: 01:58:35

Health: -9/258     AC: 23    Str: 25    XL:     20   Next: 89%
Magic:  34/34      EV: 15    Int: 15    God:    Yredelemnul [......]
Gold:   3384       SH: 20    Dex: 10    Spells: 34/39 levels left

rFire   . . .        a - +3 broad axe (flame)
rCold   + . .        L - +2 kite shield {rC+}
rNeg    . . .        Q - +6 acid dragon scales
rPois   +            u - +2 hat
rElec   +            k - +2 cloak
rCorr   +            (gloves unavailable)
SInv    .            (boots unavailable)
Will    ++...        D - amulet of Uxkad {Reflect rElec rPois Int+2 SH+5}
Stlth   +            C - +5 ring of evasion
HPRegen 0.63/turn    V - ring of the Octopus King {Wiz HP+2 AC+2 EV+2 SH+2}
MPRegen 0.24/turn

%: reflection, wizardry (x1)
@: mighty, glowing, studying Spellcasting, silenced
A: large, unfitting armour, tough skin 1
}: 2/15 runes: decaying, serpentine
a: Renounce Religion


You were on level 4 of the Vaults.
You worshipped Yredelemnul.
Yredelemnul was pleased with you.
You visited 6 branches of the dungeon, and saw 34 of its levels.
You also visited: Ice Cave.

You collected 4621 gold pieces.
You spent 1237 gold pieces at shops.

Inventory:

Hand Weapons
 a - a +3 broad axe of flaming (weapon)
Missiles
 n - 38 boomerangs (quivered)
 w - 57 poisoned darts
 A - 7 silver javelins
 B - 9 throwing nets
 G - 39 large rocks
 J - 5 curare-tipped darts
 P - 10 javelins
 R - 4 boomerangs of dispersal
Armour
 k - a +2 cloak (worn)
 u - a +2 hat (worn)
 L - a +2 kite shield of cold resistance (worn)
 Q - +6 acid dragon scales (worn)
Jewellery
 t - the ring of the Good {rPois rCorr}
   (You found it on level 2 of the Dungeon)

   [ring of resist corrosion]

   rPois:     It protects you from poison.
   rCorr:     It protects you from acid and corrosion.
 v - a ring of see invisible
 y - an amulet of faith
 C - a +5 ring of evasion (left hand)
 D - the amulet of Uxkad (around neck) {Reflect rElec rPois Int+2 SH+5}
   (You bought it in a shop on level 7 of the Dungeon)

   [amulet of reflection]

   It reflects blocked missile attacks.
   Int:       It affects your intelligence (+2).
   rElec:     It insulates you from electricity.
   rPois:     It protects you from poison.
   SH:        It affects your SH (+5).
 U - the ring "Gaomaib" {*Corrode rF++ rC+ Int+3 Stlth+}
   (You found it on level 1 of the Vaults)

   [ring of protection from cold]

   Int:       It affects your intelligence (+3).
   rF:        It greatly protects you from fire.
   rC:        It protects you from cold.
   *Corrode:  It may corrode you when you take damage.
   Stlth:     It makes you more stealthy.
 V - a ring of the Octopus King (right hand) {Wiz HP+2 AC+2 EV+2 SH+2}
   (You found it on level 5 of the Lair of Beasts)

   [ring of wizardry]

   It improves your spell success rate.
   AC:        It affects your AC (+2).
   EV:        It affects your evasion (+2).
   HP:        It affects your health (+2).
   SH:        It affects your SH (+2).
 W - the dreamshard necklace {*Dream Drain}
   (You found it on level 5 of the Lair of Beasts)

   [amulet of nothing]

   *Dream:    It shatters if its wearer takes lethal or near-lethal damage,
   preventing the blow and releasing protective dreams that heal and fight for
   the wearer.
   Drain:     It drains your maximum health when unequipped.
 X - a ring of willpower
Wands
 g - a wand of digging (9)
 h - a wand of polymorph (22)
 q - a wand of quicksilver (2)
 s - a wand of mindburst (26)
 E - a wand of roots (13)
 M - a wand of paralysis (26)
 O - a wand of flame (19)
Scrolls
 c - a scroll of summoning
 d - 5 scrolls of magic mapping
 e - a scroll of fear
 f - 2 scrolls of poison
 i - 5 scrolls of enchant armour
 m - 10 scrolls of teleportation
 F - 3 scrolls of blinking
 H - 2 scrolls of amnesia
 I - a scroll of silence
 N - 2 scrolls of fog
Potions
 b - a potion of might
 j - 6 potions of mutation
 l - 4 potions of ambrosia
 o - 4 potions of magic
 r - 6 potions of cancellation
 z - 7 potions of flight
 K - 9 potions of brilliance
 S - 2 potions of resistance
 T - 2 potions of invisibility
Miscellaneous
 x - a phantom mirror (inert)


   Skills:
 O Level 27 Fighting
 - Level 18.0 Axes
 + Level 11.2 Throwing
 - Level 10.0 Armour
 - Level 1.7 Dodging
 - Level 3.7 Stealth
 - Level 12.0 Shields
 - Level 10.0 Spellcasting
 - Level 4.0 Translocations
 - Level 15.0 Invocations


You had 34 spell levels left.
You knew the following spells:

 Your Spells              Type           Power      Damage    Failure   Level
a - Blink                 Tloc           38%        N/A       2%          2
b - Lesser Beckoning      Tloc           38%        N/A       2%          2
c - Apportation           Tloc           38%        N/A       1%          1

Your spell library contained the following spells:

 Spells                   Type           Power      Damage    Failure   Level
 Momentum Strike          Conj/Tloc      26%        3d8       4%          2
 Foxfire                  Conj/Fire      28%        2x1d5     8%          1
 Magic Dart               Conj           28%        1d4       8%          1
 Necrotise                Necr           28%        1d5       8%          1
 Sandblast                Erth           14%        2d6       8%          1
 Slow                     Hex            28%        N/A       8%          1
 Summon Small Mammal      Summ           28%        N/A       8%          1
 Portal Projectile        Hex/Tloc       26%        N/A       10%         3
 Vhi's Electric Charge    Tloc/Air       26%        N/A       10%         3
 Volatile Blastmotes      Fire/Tloc      26%        2d12      10%         3
 Call Imp                 Summ           14%        N/A       12%         2
 Cigotuvi's Dreadful Rot  Necr/Pois/Air  14%        N/A       12%         2
 Ensorcelled Hibernation  Hex/Ice        14%        N/A       12%         2
 Passwall                 Tmut/Erth      5%         N/A       12%         2
 Poisonous Vapours        Pois/Air       14%        N/A       12%         2
 Call Canine Familiar     Summ           7%         N/A       22%         3
 Confusing Touch          Hex            7%         N/A       22%         3
 Dazzling Flash           Conj/Hex       14%        N/A       22%         3
 Frozen Ramparts          Ice            14%        1d3       22%         3
 Hailstorm                Conj/Ice       7%         3d4       22%         3
 Inner Flame              Hex/Fire       7%         N/A       22%         3
 Mephitic Cloud           Conj/Pois/Air  7%         N/A       22%         3
 Spider Form              Tmut/Pois      7%         N/A       22%         3
 Stone Arrow              Conj/Erth      14%        3d7       22%         3
 Summon Guardian Golem    Hex/Summ       7%         N/A       22%         3
 Swiftness                Air            7%         N/A       22%         3
 Tukima's Dance           Hex            7%         N/A       22%         3
 Vampiric Draining        Necr           7%         2d6       22%         3
 Iskenderun's Mystic Bla  Conj/Tloc      13%        2d5       32%         4
 Anguish                  Hex/Necr       3%         N/A       56%         4
 Cause Fear               Hex            3%         N/A       56%         4
 Dispel Undead            Necr           7%         3d8       56%         4
 Flame Wave               Conj/Fire      7%         2d5       56%         4
 Fulminant Prism          Conj/Hex       3%         3d5       56%         4
 Ice Form                 Ice/Tmut       7%         N/A       56%         4
 Olgreb's Toxic Radiance  Pois           7%         N/A       56%         4
 Sticky Flame             Conj/Fire      7%         2d3       56%         4
 Summon Ice Beast         Ice/Summ       7%         N/A       56%         4
 Arcjolt                  Conj/Air       3%         1d13      87%         5
 Blade Hands              Tmut           3%         N/A       87%         5
 Fireball                 Conj/Fire      3%         3d4       87%         5
 Freezing Cloud           Conj/Ice/Air   3%         6-21      87%         5
 Lee's Rapid Deconstruct  Erth           3%         3d5*      87%         5
 Conjure Ball Lightning   Conj/Air       3%         3x3d6     100%        6
 Plasma Beam              Fire/Air       3%         2x1d15    100%        6
 Starburst                Conj/Fire      3%         6d3       100%        6
 Dragon Form              Tmut           3%         N/A       100%        7
 Enfeeble                 Hex            3%         N/A       100%        7
 Discord                  Hex            3%         N/A       100%        8
 Ignition                 Fire           3%         3d4       100%        8
 Dragon's Call            Summ           3%         N/A       100%        9
 Death Channel            Necr           Unusable   N/A       N/A         6

Dungeon Overview and Level Annotations

Branches:
Dungeon (15/15)            Temple (0/1) D:6            Lair (5/5) D:9
  Swamp (4/4) Lair:2        Snake (4/4) Lair:2        Slime (0/5) Lair:4
    Orc (2/2) D:11            Elf (0/3) Orc:2        Vaults (4/5) D:13
  Crypt (0/3) Vaults:3     Depths (0/4) D:15          IceCv (visited)

Altars:
Elyvilon
Gozag
Makhleb
Nemelex Xobeh
Uskayaw
Vehumet
Yredelemnul
Zin
The Shining One

Shops:
D:7 =   D:9 (   D:10 *   D:12 =   Orc:2 ([*=   Vaults:1 ((   Vaults:4 :

Annotations:
D:4 exclusion: statue
D:8 2 runed translucent doors, Erica
Lair:3 2 runed translucent doors, Dikli's ghost, journeyman MiBe
Vaults:2 1 transporter
Vaults:4 Frederick; Jory; Mennas


Innate Abilities, Weirdness & Mutations

You are too large for most types of armour.
You have tough skin. (AC +1)


Message History

Mennas is almost dead.
Mennas gestures frantically.
Mennas is healed somewhat.
Mennas blocks your attack.
Mennas is severely wounded.
Mennas gestures frantically.
Mennas is healed somewhat.
Mennas completely misses you.
Mennas hits you with a +3 sacred scourge of holy wrath.
* * * LOW HITPOINT WARNING * * *
Mennas blocks your attack.
Mennas is severely wounded.
You block Mennas's attack. x2
You barely miss Mennas.
Mennas is severely wounded.
Mennas gestures frantically.
Mennas's surroundings become eerily quiet.
You completely miss Mennas.
Mennas is severely wounded.
Mennas hits you with a +3 sacred scourge of holy wrath!
* * * LOW HITPOINT WARNING * * *
Mennas hits you but does no damage. Mennas blocks your attack.
Mennas is severely wounded.
You block Mennas's attack. x2
You slash Mennas! You burn Mennas!
Mennas is almost dead.
You block Mennas's attack.
Mennas hits you with a +3 sacred scourge of holy wrath.
* * * LOW HITPOINT WARNING * * *
You miss Mennas.
Mennas is almost dead.
Mennas misses you. You block Mennas's attack.
Mennas hits you with a +3 sacred scourge of holy wrath!!
* * * LOW HITPOINT WARNING * * *
Mennas hits you with a +3 sacred scourge of holy wrath!
* * * LOW HITPOINT WARNING * * *
You feel better. You block Mennas's attack. Mennas completely misses you.
Mennas hits you with a +3 sacred scourge of holy wrath!!
You die...
Your body rises from the dead as a mindless zombie.

#...........# ..
#...........# #.. ##
#...........# ..# ..#
#...........# ##..
#.. #...........# ..#
..#
#...........###..##..
#...........#..# ..#
#...........'..##..#
#.[......)..###A@#
#...........# #..#
')..........# ####
#.....[.....#
'...........#
#...........#
#...........#
#...........#
#.......∩...#


You could see Mennas (silencing).

Vanquished Creatures
  Vashnia (Snake:3)
  Saint Roka (Snake:3)
  Nikola (Snake:2)
  A sphinx (Vaults:1)
  Agnes (Snake:2)
  Frances (Swamp:1)
  A revenant (Vaults:3)
  2 tengu reavers
  4 nagarajas
  Kirke (D:14)
  A fenstrider witch (Swamp:3)
  7 vault wardens
  A ghoul (Vaults:3)
  7 ironbound preservers
  2 orc warlords
  A very ugly thing (Vaults:1)
  2 stone giants (Vaults:2)
  5 ironbound thunderhulks
  A vampire knight (Vaults:3)
  An eleionoma (Swamp:1)
  3 bunyips
  7 dire elephants
  An ettin (Vaults:4)
  2 shambling mangroves
  6 yaktaur captains
  7 great orbs of eyes
  3 salamander tyrants (Snake:4)
  9 hydras
  A catoblepas (D:14)
  An anaconda (shapeshifter) (D:15)
  Erolcha (Orc:2)
  4 ironbound frosthearts
  6 anacondas
  4 boulder beetles
  20 centaur warriors
  6 tengu warriors
  12 alligators
  A two-headed ogre (D:13)
  11 naga warriors
  4 death yaks
  An orc high priest (Orc:2)
  Urug (Lair:2)
  10 naga sharpshooters
  A hell knight (D:15)
  5 shock serpents
  A skyshark (Lair:2)
  3 salamander mystics
  A death drake (Swamp:4)
  2 sea snakes (Lair:5)
  2 goliath frogs (Swamp:2)
  2 spriggan druids
  34 deep trolls
  A deep troll (shapeshifter) (D:15)
  4 naga ritualists
  A spriggan rider (Swamp:3)
  8 wizards
  9 orc knights
  7 swamp dragons
  2 phantasmal warriors (Vaults:3)
  Pikel (D:8)
  A bog body (Swamp:1)
  5 lindwurms
  A necromancer (D:13)
  8 ironbound convokers
  8 mana vipers
  3 deep elf pyromancers
  2 harpies (Vaults:1)
  5 orc sorcerers
  23 ugly things
  6 cyclopes
  3 manticores
  11 salamanders
  Joseph (D:7)
  12 elephants
  4 guardian serpents (Snake:4)
  8 cane toads
  13 naga magi
  2 gargoyles
  30 black mambas
  11 vault sentinels
  Maggie (D:9)
  5 komodo dragons
  2 unseen horrors (D:13)
  8 rime drakes
  2 tengu conjurers
  15 yaktaurs
  An efreet (D:15)
  A meliai (shapeshifter) (D:14)
  9 trolls
  2 meliai (D:14)
  A queen bee (shapeshifter) (D:13)
  6 tyrant leeches
  6 hornets
  A silent spectre (Vaults:2)
  4 polar bears
  7 blink frogs
  Grinder (D:6)
  A centaur simulacrum (D:15)
  3 shadows
  14 slime creatures
  4 wraiths
  6 wyverns
  5 spriggans
  28 yaks
  5 basilisks
  3 hogs (D:14)
  Grum (D:8)
  5 steam dragons
  6 vampire mosquitoes
  6 wargs
  Menkaure (D:7)
  11 swamp worms
  27 nagas
  2 acid dragons
  6 water moccasins
  32 orc warriors
  3 sky beasts
  6 swamp drakes
  A black bear (shapeshifter) (D:15)
  A black bear (Lair:3)
  An ice beast (Vaults:3)
  A naga zombie (Snake:3)
  6 ogres
  5 centaurs
  23 wolves
  A phantom (D:6)
  3 lemures (D:8)
  5 kobold brigands
  5 bullfrogs
  7 gnoll sergeants
  2 scorpions (D:4)
  14 wights
  3 killer bees (D:9)
  5 electric eels
  2 howler monkeys
  8 hounds
  6 jellies
  27 orc priests
  4 gnoll boudas
  2 sleepcaps
  2 iguanas
  38 orc wizards
  7 hell rats (D:14)
  A hound zombie (D:4)
  37 gnolls
  5 adders
  A shadow imp (D:7)
  A white imp (D:7)
  2 ufetubi
  An adder zombie (D:4)
  An orc zombie (Orc:2)
  5 worms
  3 dart slugs
  109 orcs
  5 bats (D:1)
  7 endoplasms
  4 giant cockroaches (D:3)
  12 goblins
  9 hobgoblins
  6 jackals
  30 kobolds
  9 quokkas
  8 ball pythons
  5 frilled lizards
  5 rats
1096 creatures vanquished.

Vanquished Creatures (collateral kills)
  Mara (Snake:3)
  A titan (Vaults:2)
  A sphinx (Vaults:1)
  A thorn hunter (Swamp:4)
  A nagaraja (Snake:3)
  2 vault wardens
  Aizul (Swamp:1)
  5 ironbound preservers
  A stone giant (Vaults:2)
  An ironbound thunderhulk (Vaults:3)
  2 eleionomae
  3 dire elephants
  A deep elf annihilator (Vaults:2)
  2 bunyips (Swamp:4)
  A yaktaur captain (Vaults:2)
  A great orb of eyes (Vaults:1)
  A deep elf high priest (Vaults:2)
  8 hydras
  2 ghost crabs
  A merfolk avatar (Lair:5)
  3 ironbound frosthearts (Vaults:4)
  3 alligators
  A boulder beetle (Vaults:2)
  6 centaur warriors
  3 two-headed ogres
  2 naga warriors (Snake:4)
  3 death yaks (Lair:3)
  A shock serpent (Snake:4)
  2 naga sharpshooters (Snake:4)
  Sonja (Lair:5)
  A sea snake (Lair:5)
  2 goliath frogs
  3 swamp dragons
  A naga ritualist (Snake:3)
  11 deep trolls
  3 harpies
  An ironbound convoker (Vaults:2)
  2 lindwurms (Vaults:1)
  A deep elf pyromancer (D:13)
  5 mana vipers
  3 ugly things
  An orc sorcerer (Orc:2)
  3 will-o-the-wisps
  3 salamanders
  5 elephants
  10 black mambas
  2 naga magi
  4 vault sentinels
  A guardian serpent (Snake:4)
  3 yaktaurs
  4 cane toads
  A rime drake (D:14)
  A troll (D:13)
  A meliai (D:14)
  2 tyrant leeches
  4 hornets
  A snapping turtle (Lair:5)
  10 blink frogs
  6 slime creatures
  7 spriggans
  2 wyverns
  A basilisk (D:14)
  A wraith (D:10)
  6 yaks
  A steam dragon (Lair:5)
  2 vampire mosquitoes (Swamp:1)
  3 swamp worms
  9 nagas
  3 water moccasins
  5 orc warriors
  8 swamp drakes
  8 wolves
  A centaur (D:13)
  An ogre (D:5)
  A kobold brigand (D:9)
  A gnoll sergeant (D:9)
  5 bullfrogs
  2 killer bees (D:9)
  An orc priest (D:4)
  A hound (D:9)
  2 gnoll boudas (D:9)
  3 orc wizards
  2 hell rats (D:14)
  11 gnolls
  6 orcs
  2 goblins (D:4)
  3 jackals (D:9)
  5 kobolds (D:9)
  A butterfly (Lair:3)
261 creatures vanquished.

Vanquished Creatures (others)
  A spectral rakshasa (Snake:3)
  A bunyip zombie (Swamp:4)
  4 ugly thing zombies
  A goliath frog zombie (Swamp:2)
  A stone giant zombie (Vaults:2)
  A manticore (Lair:5)
  2 shock serpent zombies (Snake:4)
  An unseen horror zombie (D:13)
  8 yaktaur zombies
  2 sea snake zombies (Lair:5)
  A catoblepas zombie (D:14)
  A swamp worm zombie (Swamp:4)
  A bloated husk (Swamp:2)
  2 mana viper zombies
  2 harpy zombies (Vaults:1)
  A death drake zombie (Swamp:4)
  A great orb of eyes zombie (Vaults:2)
  A boulder beetle zombie (Vaults:2)
  2 alligator zombies (Swamp:4)
  2 meliai zombies (D:14)
  2 guardian serpent zombies (Snake:4)
  13 black mamba zombies
  3 slime creature zombies
  11 deep troll zombies
  A naga (Snake:4)
  A tengu zombie (D:14)
  A spectral efreet (D:15)
  A snapping turtle zombie (Lair:5)
  4 swamp dragon zombies
  4 hornet zombies
  A manticore zombie (D:14)
  2 elephant zombies (Lair:2)
  A hog zombie (D:14)
  A komodo dragon zombie (Lair:2)
  5 salamander zombies
  A rime drake zombie (D:14)
  A vampire mosquito zombie (D:13)
  2 cyclops zombies
  A warg zombie (Orc:2)
  2 troll zombies (D:10)
  A spriggan zombie (Swamp:4)
  5 yak zombies
  2 polar bear zombies
  9 wolf zombies
  13 centaur zombies
  A basilisk zombie (Lair:3)
  3 bullfrog zombies
  17 human zombies
  2 killer bee zombies (D:9)
  2 ogre zombies
  An ice beast zombie (Vaults:3)
  A sky beast zombie (D:7)
  An acid dragon zombie (D:8)
  22 naga zombies
  5 hound zombies
  2 hell rat zombies (D:14)
  A howler monkey zombie (D:4)
  A spectral electric eel (Lair:5)
  2 steam dragon zombies
  A swamp drake zombie (Swamp:4)
  A spectral white imp (D:7)
  An adder zombie (D:5)
  26 gnoll zombies
  3 kobolds (D:8)
  A ball python zombie (D:4)
  2 goblin zombies (D:4)
  A hobgoblin zombie (D:4)
  2 jackal zombies (D:9)
  13 kobold zombies
  73 orc zombies
  A spectral ufetubus (D:7)
  10 foxfires
320 creatures vanquished.

Grand Total: 1677 creatures vanquished

Notes
Turn   | Place    | Note
-------+----------+-------------------------------------------
     0 | D:5      | Strat the Ogre Delver began the quest for the Orb.
     0 | D:5      | Reached XP level 1. HP: 24/24 MP: 1/1
    18 | D:5      | Noticed a hound
   183 | D:4      | Noticed an iguana
   284 | D:2      | Reached XP level 2. HP: 15/33 MP: 2/2
   360 | D:2      | Identified the +0 robe "Athauhov" {rElec rCorr Stlth+}
   403 | D:2      | Reached skill level 5 in Fighting
   518 | D:1      | Reached XP level 3. HP: 36/42 MP: 3/3
   709 | D:1      | Found a faded altar of an unknown god.
   907 | D:1      | Reached skill level 6 in Fighting
  1301 | D:2      | Reached XP level 4. HP: 52/52 MP: 4/4
  1669 | D:2      | Identified the ring of the Good {rPois rCorr}
  2225 | D:3      | Identified the +7 great mace of Cruel Justice {flame, rC+
                  | Stlth+}
  2264 | D:3      | Reached XP level 5. HP: 33/61 MP: 5/5
  2864 | D:3      | Found a glowing silver altar of Zin.
  3072 | D:4      | Found a burning altar of Makhleb.
  3119 | D:4      | Reached XP level 6. HP: 59/68 MP: 6/6
  3135 | D:4      | Reached skill level 7 in Fighting
  3459 | D:4      | Found a basalt altar of Yredelemnul.
  3597 | D:4      | Became a worshipper of Yredelemnul the Dark
  3693 | D:4      | Reached skill level 5 in Axes
  3888 | D:4      | Reached * piety under Yredelemnul
  4015 | D:4      | Reached skill level 8 in Fighting
  4015 | D:4      | Reached XP level 7. HP: 77/80 MP: 7/7
  4538 | D:4      | Found a radiant altar of Vehumet.
  4685 | D:5      | Found a hide-covered altar of Uskayaw.
  4703 | D:5      | Reached skill level 9 in Fighting
  5343 | D:5      | Identified the +0 rapier of Yredelemnul, Thieving {pain,
                  | rC+ rN+++ Will- SInv}
  5741 | D:5      | Reached skill level 10 in Fighting
  5762 | D:5      | Reached XP level 8. HP: 43/94 MP: 8/8
  6055 | D:6      | Reached skill level 11 in Fighting
  6202 | D:6      | Found a staircase to the Ecumenical Temple.
  6223 | D:6      | Reached ** piety under Yredelemnul
  6253 | D:6      | Reached skill level 12 in Fighting
  6322 | D:6      | Reached *** piety under Yredelemnul
  6435 | D:6      | Learned a level 2 spell: Blink
  6438 | D:6      | Learned a level 2 spell: Lesser Beckoning
  6598 | D:6      | Noticed Grinder
  6636 | D:6      | Killed Grinder
  6713 | D:6      | Reached skill level 13 in Fighting
  6713 | D:6      | Reached XP level 9. HP: 81/110 MP: 11/13
  6983 | D:7      | Noticed Joseph
  7004 | D:7      | Killed Joseph
  7121 | D:7      | Your ally Joseph died
  7127 | D:7      | Noticed a gargoyle
  7150 | D:7      | Found an opulent altar of Gozag.
  7499 | D:7      | Reached skill level 14 in Fighting
  7499 | D:7      | Reached skill level 5 in Spellcasting
  8034 | D:7      | Noticed Menkaure
  8059 | D:7      | Killed Menkaure
  8265 | D:7      | Found Migg's Jewellery Emporium.
  8288 | D:7      | Identified a scroll of acquirement
  8288 | D:7      | Acquired 1179 gold pieces
  8290 | D:7      | Bought a +5 ring of evasion for 504 gold pieces
  8290 | D:7      | Bought the amulet of Uxkad {Reflect rElec rPois Int+2 SH+5}
                  | for 733 gold pieces
  8324 | D:7      | Killed a gargoyle
  8325 | D:7      | Reached skill level 15 in Fighting
  8558 | D:7      | Noticed a troll
  8573 | D:7      | Killed a troll
  8574 | D:7      | Reached XP level 10. HP: 43/127 MP: 17/17
  8869 | D:7      | Reached skill level 16 in Fighting
  9171 | D:8      | Reached skill level 1 in Translocations
  9733 | D:8      | Learned a level 1 spell: Apportation
 10007 | D:8      | Noticed Grum
 10027 | D:8      | Killed Grum
 10029 | D:8      | Noticed Pikel
 10080 | D:8      | Killed Pikel
 10243 | D:8      | Found a runed translucent door.
 10244 | D:8      | Found a runed translucent door.
 10257 | D:8      | Noticed Erica
 10344 | D:8      | Your ally Pikel died
 10820 | D:8      | Reached skill level 17 in Fighting
 10974 | D:9      | Noticed a cyclops
 11626 | D:9      | Reached XP level 11. HP: 136/139 MP: 22/24
 11669 | D:9      | Killed a cyclops
 11758 | D:9      | Reached skill level 10 in Spellcasting
 12072 | D:9      | Reached **** piety under Yredelemnul
 12155 | D:9      | Reached skill level 18 in Fighting
 12352 | D:9      | Found a sparkling altar of Nemelex Xobeh.
 12365 | D:9      | Found Olux's Antique Weapon Emporium.
 12382 | D:9      | Reached ***** piety under Yredelemnul
 12450 | D:9      | Noticed Maggie
 12460 | D:9      | Found a staircase to the Lair.
 12468 | D:9      | Killed Maggie
 13046 | D:9      | Reached skill level 1 in Shields
 13367 | D:10     | Entered Level 10 of the Dungeon
 13581 | D:10     | Noticed a two-headed ogre
 13590 | D:10     | Killed a two-headed ogre
 13612 | D:10     | Found a glowing golden altar of the Shining One.
 13947 | D:10     | Found Pearghow's Assorted Antiques.
 14401 | D:11     | Reached skill level 5 in Shields
 14408 | D:11     | Reached XP level 12. HP: 146/150 MP: 26/26
 14467 | D:11     | Found a staircase to the Orcish Mines.
 15702 | D:12     | Found Biokk's Jewellery Shop.
 16194 | D:12     | Reached ****** piety under Yredelemnul
 16439 | D:13     | Noticed a centaur warrior
 16682 | Lair:1   | Entered Level 1 of the Lair of Beasts
 16870 | Lair:1   | Reached skill level 10 in Axes
 17899 | Lair:2   | Reached XP level 13. HP: 126/158 MP: 27/27
 18771 | Lair:2   | Noticed Urug
 18799 | Lair:2   | Killed Urug
 18978 | Lair:2   | Found a staircase to the Swamp.
 19167 | Lair:2   | Found a staircase to the Snake Pit.
 20191 | Lair:3   | Found a large runed translucent door.
 20191 | Lair:3   | Found a large runed translucent door.
 20194 | Lair:3   | Noticed Dikli's ghost (journeyman MiBe)
 20351 | Lair:3   | Reached skill level 10 in Shields
 21282 | Lair:4   | Reached XP level 14. HP: 169/169 MP: 28/28
 21862 | Lair:4   | Found a staircase to the Slime Pits.
 22047 | Lair:5   | Entered Level 5 of the Lair of Beasts
 22049 | Lair:5   | Noticed Sonja
 22626 | Lair:5   | Reached skill level 1 in Invocations
 22838 | Lair:5   | Killed Sonja
 23027 | Lair:5   | Found the ring of the Octopus King
 23027 | Lair:5   | Found the dreamshard necklace {*Dream Drain}
 23034 | Lair:5   | Identified a ring of the Octopus King {Wiz HP+2 AC+2 EV+2
                  | SH+2}
 23045 | Lair:5   | Got Cewir's Grimoire of Ouranomancy
 23416 | Orc:1    | Entered Level 1 of the Orcish Mines
 23416 | Orc:1    | Noticed an orc warlord
 23500 | D:11     | Killed an orc warlord
 24004 | Orc:1    | Reached skill level 15 in Axes
 24273 | Orc:2    | Entered Level 2 of the Orcish Mines
 24691 | Orc:2    | Noticed Erolcha
 24706 | Orc:2    | Killed Erolcha
 25178 | Orc:2    | Reached skill level 19 in Fighting
 25189 | Orc:2    | Reached skill level 5 in Invocations
 25212 | Orc:2    | Noticed an orc warlord
 25849 | Orc:2    | Reached XP level 15. HP: 119/180 MP: 29/29
 25855 | Orc:2    | Found Ewekhoah's Jewellery Emporium.
 26013 | Orc:2    | Found Inowk's General Store.
 26031 | Orc:2    | Found Feskabu's Antique Armour Emporium.
 26047 | Orc:2    | Found Byqot's Antique Weapon Emporium.
 26103 | Orc:2    | Found a staircase to the Elven Halls.
 27351 | D:13     | Found a gate to the Vaults.
 28102 | D:14     | Reached skill level 20 in Fighting
 28487 | D:14     | Noticed Kirke
 28588 | D:14     | Killed Kirke
 29466 | D:15     | Entered Level 15 of the Dungeon
 29732 | D:15     | Reached XP level 16. HP: 175/195 MP: 30/30
 30150 | D:15     | Found a staircase to the Depths.
 30422 | D:15     | Found a glowing silver altar of Zin.
 30423 | D:15     | Found a glowing golden altar of the Shining One.
 30424 | D:15     | Found a white marble altar of Elyvilon.
 30726 | Swamp:1  | Entered Level 1 of the Swamp
 31080 | Swamp:1  | Reached skill level 10 in Invocations
 31119 | Swamp:1  | Noticed Aizul
 31132 | Swamp:1  | Killed Aizul
 31520 | Swamp:1  | Identified the +0 robe of the Harp {rPois Int+5}
 31615 | Swamp:1  | Noticed Frances
 31625 | Swamp:1  | Killed Frances
 32383 | Swamp:2  | Reached skill level 1 in Throwing
 32413 | Swamp:2  | Reached skill level 21 in Fighting
 33085 | Swamp:3  | Noticed a fenstrider witch
 33091 | Swamp:3  | Killed a fenstrider witch
 33865 | Swamp:4  | Entered Level 4 of the Swamp
 34027 | Swamp:4  | Noticed a thorn hunter
 34268 | Swamp:4  | Reached XP level 17. HP: 151/208 MP: 31/31
 34282 | Swamp:4  | Reached skill level 5 in Throwing
 34740 | Swamp:4  | Reached skill level 22 in Fighting
 35436 | Swamp:4  | Got a decaying rune of Zot
 35788 | Snake:1  | Entered Level 1 of the Snake Pit
 35878 | Snake:1  | Identified the +12 quarterstaff of the Weasel {freeze,
                  | Will+ Str+2}
 36804 | Snake:1  | Reached skill level 23 in Fighting
 37356 | Snake:2  | Found a frozen archway.
 37366 | IceCv    | Entered an ice cave
 38332 | Snake:2  | Noticed Nikola
 38346 | Snake:2  | Killed Nikola
 38676 | Snake:3  | Noticed Agnes
 38707 | Snake:3  | Noticed Mara
 38852 | Snake:3  | Reached XP level 18. HP: 223/223 MP: 32/32
 38856 | Snake:3  | Noticed Vashnia
 38902 | Snake:2  | Killed Agnes
 39738 | Snake:3  | Noticed Strat's illusion
 40122 | Snake:3  | Noticed Strat's illusion
 40138 | Snake:3  | Killed Mara
 40139 | Snake:3  | Reached skill level 10 in Throwing
 40164 | Snake:3  | Your ally Mara died
 40645 | Snake:3  | Killed Vashnia
 40646 | Snake:3  | Reached skill level 24 in Fighting
 40930 | Snake:4  | Entered Level 4 of the Snake Pit
 41074 | Snake:4  | Noticed Saint Roka
 41087 | Snake:3  | Killed Saint Roka
 42933 | Snake:4  | Reached skill level 25 in Fighting
 43251 | Snake:4  | Got a serpentine rune of Zot
 43776 | Vaults:1 | Entered Level 1 of the Vaults
 43920 | Vaults:1 | Reached XP level 19. HP: 229/239 MP: 33/33
 44000 | Vaults:1 | Identified the ring "Gaomaib" {*Corrode rF++ rC+ Int+3
                  | Stlth+}
 44090 | Vaults:1 | Found Kihada Ulisch's Weapon Emporium.
 44195 | Vaults:1 | Found Qoogix's Weapon Shop.
 44504 | Vaults:1 | Noticed Zenata
 44527 | Vaults:1 | Killed Zenata
 44527 | Vaults:1 | Enslaved Zenata
 45496 | Vaults:1 | Reached skill level 26 in Fighting
 45823 | Vaults:2 | Reached skill level 15 in Invocations
 46103 | Vaults:2 | Found a transporter.
 46523 | Vaults:2 | Reached skill level 27 in Fighting
 46653 | Vaults:2 | Reached skill level 1 in Armour
 47251 | Vaults:2 | Reached XP level 20. HP: 146/256 MP: 34/34
 47260 | Vaults:2 | Reached skill level 5 in Armour
 47930 | Vaults:3 | Identified the +1 battleaxe of Eternity {antimagic, rPois
                  | rN++ Dex+2 Stlth-}
 48534 | Vaults:3 | Found a staircase to the Crypt.
 49836 | Vaults:3 | Got the Compilation of the Conjured Burn
 50663 | Vaults:4 | Found Detz's Book Shop.
 50683 | Vaults:4 | Noticed Jory
 51102 | Vaults:4 | Noticed Frederick
 51115 | Vaults:4 | Reached skill level 10 in Armour
 51135 | Vaults:4 | Noticed Mennas
 52053 | Vaults:4 | HP: 7/258 [Mennas/+3 sacred scourge of holy wrath (14)]
 52055 | Vaults:4 | Mangled by Mennas

Illustrated notes

Levels and vault maps discovered:
D:1:      lightli_arrival_chessboard, layout_rooms,
          hellmonk_ecumenical_altar_crossroads, minmay_misc_feat_rows,
          grunt_decor_mini_mirrors, st_stairs_14, minmay_box_of_dots
D:2:      layout_basic, minmay_octomino_c4
D:3:      layout_rooms, lemuel_doored_altar, gup_sewer_entry_pipe,
          saegor_snake_ambush
D:4:      layout_basic, vehumet_statue, lemuel_zombie_altar_yredelemnul,
          mainiacjoe_overflow_brackets, palyth_stone_intersect
D:5:      layout_loops_cross, eat_drink_and_be_merry_uskayaw,
          pf_guarded_unrand_woodcutter
D:6:      layout_basic, minmay_temple_entry_tees, minmay_misc_feat_more_columns,
          chequers_serial_rivers_room_b, uniq_grinder
D:7:      layout_basic, nicolae_gozag_seed_capital, nicolae_ossuary_entry_plus,
          st_stairs_5, minmay_shop_enchanted_jewellery, minmay_manual_mess,
          uniq_menkaure, uniq_joseph
D:8:      lemuel_insect_pit, layout_loops_ring, chequers_big_river, uniq_grum,
          uniq_pikel, uniq_erica
D:9:      layout_big_octagon, old_standard_altar, lair_entry_dummy,
          serial_gnoll_camp, gnoll_camp_mini_shop, gnoll_camp_mini_basic,
          gnoll_camp_mini_hut, gnoll_camp_medium_02, gnoll_camp_medium_01,
          gnoll_camp_huts_basic, minmay_strange_pillars, uniq_maggie
D:10:     layout_roguey, tso_altar, serial_shops, shop
D:11:     lemuel_ice_spiral_2, layout_basic, hiddenorc2_lemuel, chequers_garden
D:12:     layout_stronghold, serial_shops, shop, serial_column_ruins,
          column_ruins_square_small, column_ruins_hut,
          column_ruins_columns_straight, column_ruins_open_small,
          column_ruins_columns_straight, column_ruins_grid_2
D:13:     minmay_s_stair_smasher, layout_cave_pools, david_vaults_1,
          eino_curves_04
D:14:     layout_loops_corners, special_room [special_room_mythical_zoo],
          serial_park_central [serial_park_minivault_5x5_8,
          serial_park_minivault_5x5_8], uniq_kirke
D:15:     hangedman_depths_entry_civil_slaughter, layout_cave_pods,
          good_gods_temple_1
Lair:1:   layout_misc_corridors
Lair:2:   layout_cave_pods, minmay_swamp_entry_worms,
          nicolae_snake_entry_squirm, uniq_urug
Lair:3:   layout_small_grid, ebering_ghost_disaster_area, worms_lemuel,
          grunt_megastairs_5, lemuel_fruit_fields, serial_bayou_shore_b
Lair:4:   layout_roguey, dpeg_slime_entry_enclosed, grunt_forest_large_clearings
Lair:5:   gammafunk_lair_ancient_temple, layout_small_grid,
          nicolae_lair_lil_pond, serial_bayou_shore_b, uniq_sonja
Swamp:1:  layout_falls_marsh, hangedman_swamp_diagram, uniq_aizul, uniq_frances
Swamp:2:  layout_basic_swamp, hangedman_swamp_blocks
Swamp:3:  layout_basic_swamp, serial_swamp_ruin, evilmike_swamp_ruin_house_2,
          evilmike_swamp_ruin_rubble_2, evilmike_swamp_ruin_house_5, swamp_pool5
Swamp:4:  swamp, layout_basic_swamp
Snake:1:  layout_cave_pods
Snake:2:  layout_layer_cave, portal_ice_cave_entry_pillars_1, lemuel_fruit_tree,
          nicolae_triple_integral, uniq_nikola
Snake:3:  layout_grid_shapes, uniq_mara, uniq_vashnia, uniq_agnes
Snake:4:  grunt_snake_rune_pools, layout_cave_town, uniq_saint_roka
Orc:1:    layout_caves, basic_altar
Orc:2:    grunt_orc_cross, layout_caves, uniq_erolcha
Vaults:1: hangedman_vaults_pinch, nicolae_vaults_taking_the_gang_shopping,
          v_misc_18, nicolae_vaults_little_squares_5, v_rooms_1,
          nicolae_vaults_mini_display_case, nicolae_vaults_wine_cellar,
          nicolae_vaults_security_offices_4, nicolae_vaults_house_1,
          vaults_room_semicircle, nicolae_vaults_asterisk,
          ontoclasm_vaults_loading_screen, vaults_dpeg_diagonal,
          nicolae_vaults_tetromino_L_1, nicolae_vaults_trapezoid_1,
          layout_vaults_big_room, serial_shops, shop, uniq_zenata
Vaults:2: nicolae_vaults_border_crossing, vaults_mumra_chevron_long,
          emtedronai_trogs_sanctum, nicolae_vaults_gold_heap,
          nicolae_vaults_double_plus_3, nicolae_vaults_diamond_1,
          nicolae_vaults_little_squares_2, nicolae_vaults_doubleplus_tesselated,
          grunt_vaults_bifocal, v_alt_pattern_1, v_pattern_4, v_misc_16,
          nicolae_vaults_alarming, nicolae_vaults_closet_pinwheel_2,
          nicolae_vaults_back_hallway, layout_vaults_omnibox
Vaults:3: v_misc_2, v_misc_11, nicolae_vaults_closet_pinwheel_2,
          nicolae_vaults_offset_grid_hallway_3, nicolae_vaults_angled_halls,
          minmay_crypt_entry_simple_box, v_misc_3, nicolae_vaults_double_plus_1,
          nicolae_vaults_yaktaur_gun_rack, vaults_dpeg_cross,
          hangedman_vaults_capsules, serial_ice_g, layout_vaults_quadrants
Vaults:4: nicolae_vaults_ninety_degrees, ontoclasm_vaults_ring_large,
          vaults_mumra_hex, nicolae_vaults_surprise_closet,
          vaults_mumra_minichess, nicolae_vaults_trapezoid_lopsided_3,
          v_misc_26, vaults_room_fancy_cross, nicolae_vaults_frosty_reception,
          nicolae_vaults_trapezoid_lopsided_2, vaults_room_octagon,
          nicolae_vaults_shelves_hall, layout_vaults_omnicross, serial_shops,
          shop, uniq_mennas, uniq_jory, uniq_frederick

Skill      XL: |  1  2  3  4  5  6  7  8  9 10 11 12 13 14 15 16 17 18 19 20 |
---------------+-------------------------------------------------------------+-----
Fighting       | 5 6 8 10 13 15 17 18 19 20 21 23 25 27 | 27.0
Axes           | 3 4 5 7 10 13 15 16 18 | 18.0
Spellcasting   | 2 5 9 10 | 10.0
Translocations | 4 |  4.0
Shields        | 5 9 10 11 12 | 12.0
Invocations    | 5 9 10 13 15 | 15.0
Throwing       | 4 9 10 11 | 11.2
Armour         | 4 10 | 10.0
Dodging        | |  1.7
Stealth        | |  3.7

Action                     |  1- 3 |  4- 6 |  7- 9 | 10-12 | 13-15 | 16-18 | 19-21 || total
---------------------------+-------+-------+-------+-------+-------+-------+-------++-------
  Melee: Hand axe          |   149 |   302 |    55 |       |       |       |       ||   506
         Battleaxe         |       |       |   156 |   287 |       |       |       ||   443
         Broad axe         |       |       |       |   430 |  1049 |  1066 |   741 ||  3286
         Punch             |       |       |       |     3 |       |       |       ||     3
   Fire: Sling             |       |       |     5 |       |       |       |       ||     5
  Throw: Boomerang         |       |       |       |       |       |     6 |       ||     6
 Invoke: Recall Undead Har |       |       |       |       |     1 |       |       ||     1
         Dark Bargain      |       |       |       |       |     4 |     4 |       ||     8
         Bind Soul         |       |       |       |       |       |       |     3 ||     3
  Evoke: Wand              |       |       |    11 |     1 |       |     3 |     3 ||    18
         Phantom mirror    |       |       |       |       |       |       |     1 ||     1
    Use: Scroll            |     1 |       |    24 |     4 |    13 |    12 |     4 ||    58
         Potion            |       |       |     1 |     1 |     7 |     7 |    12 ||    28
   Stab: Sleeping          |    12 |    12 |     7 |     6 |     8 |     2 |     4 ||    51
         Distracted        |       |       |     2 |     8 |    16 |    20 |    16 ||    62
         Paralysed         |       |       |     2 |       |       |       |       ||     2
         Confused          |       |       |       |       |       |     2 |       ||     2
 Armour: Robe              |    75 |   134 |    88 |    73 |       |       |       ||   370
         Acid dragon scale |       |       |       |   136 |   277 |   200 |   197 ||   810
  Dodge: Dodged            |    77 |   143 |   106 |   423 |   347 |   342 |   266 ||  1704
  Block: Other             |       |       |     4 |   123 |       |       |       ||   127
         Reflection        |       |       |     1 |     5 |    38 |   107 |    51 ||   202
         Kite shield       |       |       |       |   161 |   883 |  1027 |   686 ||  2757
